MAA
NORTONVILLE CHEROKEES @ BELVEDERE PARK RAWHIDES
08/02/2019
 
TOP OF THE 1ST
Nortonville Cherokees batting - Pitching for Belvedere Park Rawhides : RHP Álex Carrillo
Pitching: RHP Álex Carrillo
Batting: RHB Víctor López 0-0: Ball
1-0: Ball
2-0: Ground out 6-3 (Groundball, 6)
Batting: RHB Paco Vásquez 0-0: Ball
1-0: Called Strike
1-1: DOUBLE (Line Drive, 9LM)
Batting: LHB Sergio Muñóz 0-0: Ball
1-0: Ball
2-0: Called Strike
2-1: Foul Ball, location: 2F
2-2: Ball
3-2: Foul Ball, location: 2F
3-2: Fly out, F7 (Flyball, 7S)
Batting: LHB Sam Good 0-0: Foul Ball, location: 2F
0-1: Ball
1-1: Ball
2-1: SINGLE (Flyball, 8RM)
Paco Vásquez to third
Batting: RHB Lane Hancock 0-0: Ball
1-0: Called Strike
1-1: SINGLE (Groundball, 6MD)
Paco Vásquez scores
Sam Good to second
Runner from 2nd tries for 3rd, SAFE, no throw or cutoff
Batting: RHB Chris Oudekirk 0-0: Foul Ball, location: 2F
0-1: Fly out, F2 (Popup, 23F)
Top of the 1st over - 1 run(s), 3 hit(s), 0 error(s), 2 left on base; Nortonville 1 - Belvedere Park 0
BOTTOM OF THE 1ST
Belvedere Park Rawhides batting - Pitching for Nortonville Cherokees : LHP Homer O'Lannigan
Pitching: LHP Homer O'Lannigan
Batting: RHB Ralph McKnight 0-0: Bunted foul
0-1: Fly out, F7 (Flyball, 78M)
Batting: RHB Pedro Jiménez 0-0: Ball
1-0: Called Strike
1-1: Called Strike
1-2: Strikes out swinging
Batting: RHB Victor Haley 0-0: DOUBLE (Groundball, 5L)
Batting: RHB Danny Penn 0-0: Ball
1-0: Ball
2-0: Called Strike
2-1: Ball
3-1: Base on Balls
Batting: LHB Clark Espinosa 0-0: Called Strike
0-1: Hit by Pitch
Victor Haley to third
Danny Penn to second
Batting: SHB Phil Moore 0-0: SINGLE (Line Drive, 3)
Victor Haley scores
Danny Penn to third
Clark Espinosa to second
Runner from 3rd tries for Home, SAFE, no throw or cutoff
Batting: SHB Jason Alexander 0-0: Swinging Strike
0-1: Called Strike
0-2: Strikes out swinging
Bottom of the 1st over - 2 run(s), 2 hit(s), 0 error(s), 2 left on base; Nortonville 1 - Belvedere Park 2
TOP OF THE 2ND
Nortonville Cherokees batting - Pitching for Belvedere Park Rawhides : RHP Álex Carrillo
Batting: RHB Javier Chávez 0-0: Called Strike
0-1: Reached on error, E3 (Groundball, 3S)
Batting: LHB Sean Booth 0-0: Called Strike
0-1: Foul Ball, location: 2F
0-2: Strikes out swinging
Batting: RHB Armando Alvarado 0-0: Ball
1-0: Ball
2-0: Swinging Strike
2-1: Ball
3-1: Foul Ball, location: 2F
3-2: Base on Balls
Javier Chávez to second
Batting: RHB Víctor López 0-0: Ball
1-0: Fly out, F8 (Flyball, 8LXD)
Runner from 2nd tags up, SAFE at 3rd, no throw
Batting: RHB Paco Vásquez 0-0: SINGLE (Groundball, 56)
Javier Chávez scores
Armando Alvarado to second
Batting: LHB Sergio Muñóz 0-0: Swinging Strike
0-1: Ball
1-1: Ball
2-1: Foul Ball, location: 2F
2-2: Foul Ball, location: 2F
2-2: Foul Ball, location: 2F
2-2: Strikes out looking
Top of the 2nd over - 1 run(s), 1 hit(s), 1 error(s), 2 left on base; Nortonville 2 - Belvedere Park 2
BOTTOM OF THE 2ND
Belvedere Park Rawhides batting - Pitching for Nortonville Cherokees : LHP Homer O'Lannigan
Batting: RHB Michael Taylor 0-0: Foul Ball, location: 2F
0-1: Foul Ball, location: 2F
0-2: Ball
1-2: Ball
2-2: Ball
3-2: Foul Ball, location: 2F
3-2: SINGLE (Flyball, 89S)
Batting: RHB Marlon Cummins 0-0: Ball
1-0: Ball
2-0: Fly out, F5 (Popup, 5S)
Batting: RHB Ralph McKnight 0-0: Ball
1-0: Foul Ball, location: 2F
1-1: Ball
2-1: Ball
3-1: Base on Balls
Michael Taylor to second
Batting: RHB Pedro Jiménez 0-0: Ball
1-0: Ball
2-0: Foul Ball, location: 2F
2-1: Swinging Strike
2-2: Fly out, F9 (Line Drive, 89M)
Batting: RHB Victor Haley 0-0: Fielders Choice at 2nd, 6-4 (Groundball, 6)
Bottom of the 2nd over - 0 run(s), 1 hit(s), 0 error(s), 1 left on base; Nortonville 2 - Belvedere Park 2
TOP OF THE 3RD
Nortonville Cherokees batting - Pitching for Belvedere Park Rawhides : RHP Álex Carrillo
Batting: LHB Sam Good 0-0: Foul Ball, location: 2F
0-1: Foul Ball, location: 2F
0-2: Foul Ball, location: 2F
0-2: Foul Ball, location: 2F
0-2: Fly out, F5 (Popup, 5SF)
Batting: RHB Lane Hancock 0-0: Swinging Strike
0-1: DOUBLE (Line Drive, 56D)
Batting: RHB Chris Oudekirk 0-0: Ball
1-0: DOUBLE (Line Drive, 6D)
Lane Hancock scores
Batting: RHB Javier Chávez 0-0: Foul Ball, location: 2F
0-1: Ball
1-1: Hit by Pitch
Batting: LHB Sean Booth 0-0: Ball
1-0: Ground out 3-1 (Groundball, 34S)
Chris Oudekirk to third
Javier Chávez to second
Batting: RHB Armando Alvarado 0-0: Called Strike
0-1: Fly out, F9 (Flyball, 9LS)
Top of the 3rd over - 1 run(s), 2 hit(s), 0 error(s), 2 left on base; Nortonville 3 - Belvedere Park 2
BOTTOM OF THE 3RD
Belvedere Park Rawhides batting - Pitching for Nortonville Cherokees : LHP Homer O'Lannigan
Batting: RHB Danny Penn 0-0: Called Strike
0-1: Foul Ball, location: 2F
0-2: Strikes out looking
Pitching: RHP Deron Kuhn
Batting: LHB Clark Espinosa 0-0: Foul Ball, location: 2F
0-1: Ball
1-1: Called Strike
1-2: Ball
2-2: Ground out 5-3 (Groundball, 5L)
Batting: SHB Phil Moore 0-0: Swinging Strike
0-1: Ball
1-1: Ball
2-1: Ball
3-1: Foul Ball, location: 2F
3-2: Strikes out looking
Bottom of the 3rd over - 0 run(s), 0 hit(s), 0 error(s), 0 left on base; Nortonville 3 - Belvedere Park 2
TOP OF THE 4TH
Nortonville Cherokees batting - Pitching for Belvedere Park Rawhides : RHP Álex Carrillo
Batting: RHB Víctor López 0-0: SINGLE (Groundball, 13S) (infield hit)
Batting: RHB Paco Vásquez 0-0: Grounds into double play, U4-3 (Groundball, 4M)
Batting: LHB Sergio Muñóz 0-0: Ball
1-0: Ball
2-0: Called Strike
2-1: Fly out, F7 (Flyball, 78M)
Top of the 4th over - 0 run(s), 1 hit(s), 0 error(s), 0 left on base; Nortonville 3 - Belvedere Park 2
BOTTOM OF THE 4TH
Belvedere Park Rawhides batting - Pitching for Nortonville Cherokees : RHP Deron Kuhn
Batting: SHB Jason Alexander 0-0: Called Strike
0-1: Ball
1-1: Ball
2-1: Ball
3-1: Base on Balls
Batting: RHB Michael Taylor 0-0: Foul Ball, location: 2F
0-1: Called Strike
0-2: Fly out, F5 (Popup, 15)
Batting: RHB Marlon Cummins 0-0: Ball
1-0: SINGLE (Groundball, 15S) (infield hit)
Jason Alexander to second
Batting: RHB Ralph McKnight 0-0: Fly out, F3 (Popup, 23F)
Batting: RHB Pedro Jiménez 0-0: Ball
1-0: Foul Ball, location: 2F
1-1: Fly out, F9 (Flyball, 9M)
Bottom of the 4th over - 0 run(s), 1 hit(s), 0 error(s), 2 left on base; Nortonville 3 - Belvedere Park 2
TOP OF THE 5TH
Nortonville Cherokees batting - Pitching for Belvedere Park Rawhides : RHP Álex Carrillo
Batting: LHB Sam Good 0-0: Foul Ball, location: 2F
0-1: Foul Ball, location: 2F
0-2: Strikes out looking
Batting: RHB Lane Hancock 0-0: Ball
1-0: Ball
2-0: Called Strike
2-1: Ball
3-1: Base on Balls
Batting: RHB Chris Oudekirk 0-0: Foul Ball, location: 2F
0-1: Called Strike
0-2: Strikes out looking
Batting: RHB Javier Chávez 0-0: Ball
1-0: Swinging Strike
1-1: Swinging Strike
1-2: Foul Ball, location: 2F
1-2: Ball
2-2: Foul Ball, location: 2F
2-2: Ground out 5-3 (Groundball, 5)
Top of the 5th over - 0 run(s), 0 hit(s), 0 error(s), 1 left on base; Nortonville 3 - Belvedere Park 2
BOTTOM OF THE 5TH
Belvedere Park Rawhides batting - Pitching for Nortonville Cherokees : RHP Deron Kuhn
Batting: RHB Victor Haley 0-0: Called Strike
0-1: Ball
1-1: Ground out 6-3 (Groundball, 6)
Batting: RHB Danny Penn 0-0: Ball
1-0: Called Strike
1-1: Ground out 5-3 (Groundball, 5)
Batting: LHB Clark Espinosa 0-0: Ball
1-0: Called Strike
1-1: Called Strike
1-2: Ball
2-2: Ground out U3 (Groundball, 3)
Bottom of the 5th over - 0 run(s), 0 hit(s), 0 error(s), 0 left on base; Nortonville 3 - Belvedere Park 2
TOP OF THE 6TH
Nortonville Cherokees batting - Pitching for Belvedere Park Rawhides : RHP Álex Carrillo
Batting: LHB Sean Booth 0-0: Ball
1-0: Foul Ball, location: 2F
1-1: Ball
2-1: SINGLE (Line Drive, 56D)
Batting: RHB Armando Alvarado 0-0: Called Strike
0-1: Ball
1-1: Swinging Strike
1-2: Ball
2-2: Ball
3-2: Fly out, F9 (Flyball, 89M)
Batting: RHB Víctor López 0-0: Foul Ball, location: 2F
0-1: Foul Ball, location: 2F
0-2: Ball
1-2: Ball
2-2: Ball
3-2: Foul Ball, location: 2F
3-2: Foul Ball, location: 2F
3-2: Foul Ball, location: 2F
3-2: Foul Ball, location: 2F
3-2: Foul Ball, location: 2F
3-2: Strikes out swinging
Batting: RHB Paco Vásquez 0-0: SINGLE (Flyball, 89S)
Sean Booth to second
Pitching: LHP Ray Thibaut
Batting: LHB Sergio Muñóz 0-0: Ball
1-0: Ground out 4-3 (Groundball, 4)
Top of the 6th over - 0 run(s), 2 hit(s), 0 error(s), 2 left on base; Nortonville 3 - Belvedere Park 2
BOTTOM OF THE 6TH
Belvedere Park Rawhides batting - Pitching for Nortonville Cherokees : RHP Deron Kuhn
Batting: SHB Phil Moore 0-0: Swinging Strike
0-1: Foul Ball, location: 2F
0-2: SINGLE (Line Drive, 34D)
Batting: SHB Jason Alexander 0-0: Called Strike
0-1: Ball
1-1: Foul Ball, location: 2F
1-2: Ball
2-2: Fielders Choice at 2nd, 3-6 (Groundball, 34)
Batting: RHB Michael Taylor 0-0: Swinging Strike
0-1: Ball
1-1: Called Strike
1-2: Ball
Passed Ball!
Jason Alexander to second
2-2: Ball
3-2: Fly out, F9 (Flyball, 89M)
Batting: RHB Marlon Cummins 0-0: Ground out 6-3 (Groundball, 6)
Bottom of the 6th over - 0 run(s), 1 hit(s), 0 error(s), 1 left on base; Nortonville 3 - Belvedere Park 2
TOP OF THE 7TH
Nortonville Cherokees batting - Pitching for Belvedere Park Rawhides : LHP Ray Thibaut
Pitching: RHP John Green
Batting: LHB Sam Good 0-0: Called Strike
0-1: Foul Ball, location: 2F
0-2: Ball
1-2: SINGLE (Groundball, 56D)
Batting: RHB Lane Hancock 0-0: SINGLE (Flyball, 89M)
Sam Good to second
Pinch Hitting: RHB Claudio Torres 0-0: Ball
1-0: Called Strike
1-1: Ball
2-1: SINGLE (Line Drive, 8LS)
Sam Good to third
Lane Hancock to second
Runner from 3rd tries for Home, SAFE, throw made at trailing runner, OUT at third!
Batting: RHB Javier Chávez 0-0: Ball
1-0: Foul Ball, location: 2F
1-1: Ball
2-1: Ball
3-1: Swinging Strike
3-2: Base on Balls
Claudio Torres to second
Batting: LHB Sean Booth 0-0: Called Strike
0-1: Ball
1-1: Ball
2-1: Foul Ball, location: 2F
2-2: SINGLE (Line Drive, 8LS)
Claudio Torres to third
Javier Chávez to second
Runner from 3rd tries for Home, SAFE, no throw or cutoff
Batting: RHB Armando Alvarado 0-0: Called Strike
0-1: Foul Ball, location: 2F
0-2: SINGLE (Groundball, 6M)
Javier Chávez to third
Sean Booth to second
Runner from 3rd tries for Home, SAFE, no throw or cutoff
Pitching: RHP Paul Abbott
Batting: RHB Víctor López 0-0: Called Strike
0-1: Swinging Strike
0-2: Strikes out swinging
Batting: RHB Paco Vásquez 0-0: Foul Ball, location: 2F
0-1: Ball
1-1: Foul Ball, location: 2F
1-2: Ball
2-2: Ball
3-2: Foul Ball, location: 2F
3-2: Strikes out swinging
Top of the 7th over - 3 run(s), 5 hit(s), 0 error(s), 2 left on base; Nortonville 6 - Belvedere Park 2
BOTTOM OF THE 7TH
Belvedere Park Rawhides batting - Pitching for Nortonville Cherokees : RHP Deron Kuhn
Pitching: LHP Melvin Henry
Now at 2B: Armando González
Batting: RHB Ralph McKnight 0-0: Bunt for hit - play at first, batter OUT! 1-4
Batting: RHB Pedro Jiménez 0-0: Fly out, F7 (Line Drive, 7LM)
Batting: RHB Victor Haley 0-0: Ball
1-0: Swinging Strike
1-1: Ball
2-1: Swinging Strike
2-2: Ball
3-2: Base on Balls
Batting: RHB Danny Penn 0-0: Called Strike
0-1: Foul Ball, location: 2F
0-2: Strikes out looking
Bottom of the 7th over - 0 run(s), 0 hit(s), 0 error(s), 1 left on base; Nortonville 6 - Belvedere Park 2
TOP OF THE 8TH
Nortonville Cherokees batting - Pitching for Belvedere Park Rawhides : RHP Paul Abbott
Batting: LHB Sergio Muñóz 0-0: Called Strike
0-1: Ball
1-1: SINGLE (Line Drive, 89S)
Batting: LHB Sam Good 0-0: Called Strike
0-1: Ball
1-1: Ball
2-1: Ball
3-1: Called Strike
3-2: Base on Balls
Sergio Muñóz to second
Batting: RHB Lane Hancock 0-0: Foul Ball, location: 2F
0-1: Foul Ball, location: 2F
0-2: Strikes out looking
Batting: RHB Armando González 0-0: Ball
1-0: Foul Ball, location: 2F
1-1: Ball
2-1: Called Strike
2-2: Ball
3-2: Foul Ball, location: 2F
3-2: Foul Ball, location: 2F
3-2: Foul Ball, location: 2F
3-2: Fly out, F7 (Flyball, 7M)
Batting: RHB Javier Chávez 0-0: Called Strike
0-1: Foul Ball, location: 2F
0-2: Ball
1-2: Foul Ball, location: 2F
1-2: DOUBLE (Line Drive, 9LM)
Sergio Muñóz scores
Sam Good to third
Batting: LHB Sean Booth 0-0: Ball
1-0: Ball
2-0: SINGLE (Groundball, 5D)
Sam Good scores
Javier Chávez to third
Runner from 3rd tries for Home, SAFE, no throw or cutoff
Batting: RHB Armando Alvarado 0-0: Called Strike
0-1: Foul Ball, location: 2F
0-2: Ball
1-2: Fly out, F4 (Line Drive, 4)
Top of the 8th over - 3 run(s), 3 hit(s), 0 error(s), 1 left on base; Nortonville 9 - Belvedere Park 2
BOTTOM OF THE 8TH
Belvedere Park Rawhides batting - Pitching for Nortonville Cherokees : LHP Melvin Henry
Now in CF: Edén Mont
Batting: LHB Clark Espinosa 0-0: Foul Ball, location: 2F
0-1: Foul Ball, location: 2F
0-2: Strikes out looking
Batting: SHB Phil Moore 0-0: Ball
1-0: Fly out, F8 (Line Drive, 8RM)
Batting: SHB Jason Alexander 0-0: Swinging Strike
0-1: Ball
1-1: Swinging Strike
1-2: Foul Ball, location: 2F
1-2: Fly out, F8 (Flyball, 8LM)
Bottom of the 8th over - 0 run(s), 0 hit(s), 0 error(s), 0 left on base; Nortonville 9 - Belvedere Park 2
TOP OF THE 9TH
Nortonville Cherokees batting - Pitching for Belvedere Park Rawhides : RHP Paul Abbott
Batting: RHB Víctor López 0-0: Ball
1-0: Ball
2-0: Called Strike
2-1: Ground out U3 (Groundball, 3S)
Batting: RHB Paco Vásquez 0-0: Called Strike
0-1: Swinging Strike
0-2: Strikes out looking
Batting: LHB Sergio Muñóz 0-0: Ball
1-0: Ball
2-0: Called Strike
2-1: Foul Ball, location: 2F
2-2: SINGLE (Groundball, 34D)
Batting: RHB Edén Mont 0-0: Fly out, F4 (Popup, 4)
Top of the 9th over - 0 run(s), 1 hit(s), 0 error(s), 1 left on base; Nortonville 9 - Belvedere Park 2
BOTTOM OF THE 9TH
Belvedere Park Rawhides batting - Pitching for Nortonville Cherokees : LHP Melvin Henry
Batting: RHB Michael Taylor 0-0: Ball
1-0: SINGLE (Groundball, 4M)
Batting: RHB Marlon Cummins 0-0: Ball
1-0: Ball
2-0: Called Strike
2-1: Called Strike
2-2: Ball
3-2: Strikes out looking
Batting: RHB Ralph McKnight 0-0: Swinging Strike
0-1: Swinging Strike
0-2: Strikes out looking
Batting: RHB Pedro Jiménez 0-0: Foul Ball, location: 2F
0-1: Swinging Strike
0-2: Ball
Wild Pitch!
Michael Taylor to second
1-2: Ball
2-2: Foul Ball, location: 2F
2-2: Fly out, F8 (Flyball, 8RM)
Bottom of the 9th over - 0 run(s), 1 hit(s), 0 error(s), 1 left on base; Nortonville 9 - Belvedere Park 2
This league is powered by Out of the Park Baseball, the baseball management simulation game for PC, Mac and Linux
Saturday, July 25th, 2015 - OOTP Baseball 15.6 Build 34